 Dungeon Crawl Stone Soup version 0.29.1-1-gd02db6906a (webtiles) character file.

Game seed: 16711971232627134406

735 LustLizard the Sneak (level 7, -2/35 HPs)
             Began as a Spriggan Arcane Marksman on Sept 21, 2022.
             Was an Initiate of Dithmenos.
             Slain by Duvessa
             ... wielding a +3 rapier of flaming
              (4 damage)
             ... on level 5 of the Dungeon.
             The game lasted 00:17:17 (4448 turns).

LustLizard the Sneak (Spriggan Arcane Marksman)     Turns: 4448, Time: 00:17:17

Health: -2/35      AC:  5    Str:  5    XL:     7   Next: 45%
Magic:  8/10       EV: 17    Int: 13    God:    Dithmenos [......]
Gold:   195        SH:  0    Dex: 19    Spells: 4/8 levels left

rFire   . . .      SeeInvis +   r - +0 shortbow
rCold   . . .      Faith    .   (shield currently unavailable)
rNeg    + . .      Spirit   .   c - +0 robe
rPois   +          Reflect  .   (helmet restricted)
rElec   .          Harm     .   s - +2 ratskin cloak {*Rats rPois rN+ Str-1 Int-1 Dex+1}
rCorr   .          Rampage  .   (gloves unavailable)
Will    +....                   (boots unavailable)
Stlth   ++++......              d - amulet of regeneration
HPRegen 0.91/turn               (no ring)
MPRegen 0.12/turn               (no ring)

@: very quick
A: very small, no large weapons, unfitting armour, see invisible, speed 3
a: Renounce Religion


You were on level 5 of the Dungeon.
You worshipped Dithmenos.
Dithmenos was noncommittal.
You visited 2 branches of the dungeon, and saw 6 of its levels.
You also visited: Ossuary.

You collected 245 gold pieces.
You spent 50 gold pieces at shops.

Inventory:

Hand Weapons
 a - a +1 sling
 r - a +0 shortbow (weapon)
Armour
 c - a +0 robe (worn)
 s - the +2 ratskin cloak (worn) {*Rats rPois rN+ Str-1 Int-1 Dex+1}
   (You found it on level 4 of the Dungeon)

   When the wearer is hurt, rats may emerge from it to assist them.
   Str:       It affects your strength (-1).
   Int:       It affects your intelligence (-1).
   Dex:       It affects your dexterity (+1).
   rPois:     It protects you from poison.
   rN:        It protects you from negative energy.
Jewellery
 d - an amulet of regeneration (around neck)
 h - a ring of willpower
Wands
 n - a wand of quicksilver (6)
 u - a wand of polymorph (14)
Scrolls
 b - 2 scrolls of poison
 e - a scroll of noise
 g - 2 scrolls of enchant weapon
 k - a scroll of fog {unknown}
 m - 2 scrolls of teleportation {unknown}
 o - 3 scrolls of amnesia {unknown}
 q - a scroll of acquirement {unknown}
 x - 4 scrolls of magic mapping {unknown}
 y - 3 scrolls of fear {unknown}
 B - a scroll of immolation {unknown}
Potions
 f - 8 potions of curing
 i - a potion of brilliance
 j - 3 potions of might
 l - 2 potions of resistance {unknown}
 p - a potion of berserk rage {unknown}
 t - a potion of degeneration {unknown}
 v - a potion of flight {unknown}
 w - 2 potions of invisibility {unknown}
 z - a potion of heal wounds
 A - a potion of attraction {unknown}


   Skills:
 + Level 2.9 Fighting
 * Level 5.4 Ranged Weapons
 - Level 2.6 Dodging
 * Level 7.7 Stealth
 - Level 1.3 Spellcasting
 - Level 4.0 Hexes
 + Level 1.8 Translocations


You had 4 spell levels left.
You knew the following spells:

 Your Spells              Type           Power      Damage    Failure   Level
a - Slow                  Hex            44%        N/A       5%          1
b - Portal Projectile     Hex/Tloc       16%        N/A       26%         3

Your spell library contained the following spells:

 Spells                   Type           Power      Damage    Failure   Level
 Ensorcelled Hibernation  Hex/Ice        12%        N/A       19%         2
 Inner Flame              Hex/Fire       6%         N/A       34%         3
 Gell's Gravitas          Tloc           5%         N/A       36%         3
 Teleport Other           Tloc           5%         N/A       36%         3
 Cause Fear               Hex            5%         N/A       45%         4
 Spider Form              Tmut/Pois      0%         N/A       63%         3
 Anguish                  Hex/Necr       3%         N/A       75%         4
 Dispersal                Tloc           2%         N/A       100%        6


Dungeon Overview and Level Annotations

Branches:
Dungeon (5/15)             Temple (1/1) D:4         Ossuary (visited)

Altars:
Dithmenos
Hepliaklqana
Kikubaaqudgha
Ru
Sif Muna
Zin

Shops:
D:2 !   D:4 (

Annotations:
D:3 3 runed translucent doors, Braxton's ghost, novice MiHu
D:5 Dowan; Duvessa


Innate Abilities, Weirdness & Mutations

You are very small and have problems with some larger weapons.
You are too small for most types of armour.
You have supernaturally acute eyesight. (SInv)
You cover ground extremely quickly. (Speed+++)


Message History

Duvessa is lightly wounded.
You shoot an arrow. The arrow closely misses Duvessa.
Duvessa zaps a wand.
The puff of flame hits you.
A river rat scurries out from under your cloak.
You shoot an arrow. The arrow hits Duvessa!
Duvessa is moderately wounded.
Duvessa is no longer moving slowly.
Really fire in your river rat's direction?
Okay, then.
Casting: Slow (safe; 5% risk of failure)
Confirm with . or Enter, or press ? or * to list all spells.
You can't see any susceptible monsters within range! (Use Z to cast anyway.) Unknown command.
Casting: Slow (safe; 5% risk of failure)
Confirm with . or Enter, or press ? or * to list all spells.
The spell is quite dangerous to miscast (26% risk of failure)!
Continue anyway?
You miscast Portal Projectile.
You are very lightly contaminated with residual magic.
You feel a bit tired.
You feel yourself slow down.
Duvessa zaps a wand.
The puff of flame hits your river rat!
Duvessa zaps a wand.
The puff of flame hits your river rat!
Your river rat dies!
Dowan says, "My weaknesses are her strengths!"
You open the door.
There is an open door here.
Duvessa zaps a wand.
The puff of flame hits you.
You feel yourself speed up.
Duvessa zaps a wand.
The puff of flame hits you!
Your magical contamination has completely faded away.
There is a stone staircase leading up here.
You shoot an arrow. The arrow barely misses Duvessa.
You shoot an arrow. The arrow hits Duvessa!
Duvessa is heavily wounded.
Duvessa hits you with a +3 rapier of flaming!
Duvessa burns you.
A river rat scurries out from under your cloak.
Duvessa hits you with a +3 rapier of flaming!
* * * LOW HITPOINT WARNING * * *
Duvessa burns you.
You die...

#### ..### ###
#... ..#.. ...
...# #.#.# .. #..#
#.#.###.# #..#
#.#.##..# #..#
#.#.##.###
####..###.#>ee....
#@er..#.....#####.
#####.#.#.........
#.#e#.........
#.#'#.........
#....#########
#...........
#..........#
#...........
#..........###


You could see Duvessa (fast, ally target) and a friendly river rat.

Vanquished Creatures
  An ogre (D:5)
  A phantom (D:4)
  An elf zombie (Ossuary)
  3 scorpions
  A howler monkey (D:5)
  Jessica (D:3)
  3 mummies (Ossuary)
  11 adders
  A white imp (D:4)
  An ufetubus (D:4)
  2 adder zombies (Ossuary)
  A worm (D:2)
  9 orcs
  11 ball pythons
  8 bats
  6 endoplasms
  A giant cockroach (D:2)
  8 goblins
  6 hobgoblins
  8 jackals (D:3)
  6 quokkas
  3 frilled lizards (D:2)
  4 goblin zombies (Ossuary)
  3 hobgoblin zombies (Ossuary)
  6 kobolds
  4 kobold zombies (Ossuary)
  An orc zombie (Ossuary)
  2 quokka zombies (Ossuary)
  2 rats (D:2)
  A rat zombie (Ossuary)
116 creatures vanquished.

Vanquished Creatures (others)
  A ball python (D:3)
  10 plants (D:3)
11 creatures vanquished.

Grand Total: 127 creatures vanquished

Notes
Turn   | Place    | Note
-------+----------+-------------------------------------------
     0 | D:1      | LustLizard the Spriggan Arcane Marksman began the quest for
                  | the Orb.
     0 | D:1      | Reached XP level 1. HP: 9/9 MP: 3/3
   138 | D:1      | Reached skill level 1 in Stealth
   303 | D:1      | Found a faded altar of an unknown god.
   340 | D:1      | Reached XP level 2. HP: 14/14 MP: 1/5
   449 | D:1      | Reached skill level 1 in Fighting
   874 | D:2      | Reached skill level 2 in Stealth
   985 | D:2      | Reached XP level 3. HP: 18/18 MP: 4/6
  1213 | D:2      | Reached skill level 3 in Stealth
  1281 | D:2      | Reached XP level 4. HP: 21/22 MP: 3/7
  1565 | D:2      | Found Lopothre's Distillery.
  1573 | D:2      | Bought a potion of heal wounds for 50 gold pieces
  1708 | D:3      | Noticed Jessica
  1713 | D:3      | Found a runed translucent gate.
  1714 | D:3      | Found a runed translucent gate.
  1714 | D:3      | Found a runed translucent gate.
  1714 | D:3      | Noticed Braxton's ghost (novice MiHu)
  1766 | D:3      | Noticed a kobold brigand
  1914 | D:3      | Killed Jessica
  1915 | D:3      | Reached skill level 4 in Stealth
  2010 | D:3      | Reached XP level 5. HP: 23/26 MP: 8/8
  2765 | D:4      | Reached skill level 5 in Stealth
  2835 | D:4      | Found the +2 ratskin cloak {*Rats rPois rN+ Str-1 Int-1
                  | Dex+1}
  2901 | D:4      | Reached XP level 6. HP: 28/30 MP: 9/9
  2907 | D:4      | Found a sand-covered staircase.
  2917 | Ossuary  | Entered an ossuary
  3112 | Ossuary  | Reached skill level 6 in Stealth
  3324 | D:4      | Found a staircase to the Ecumenical Temple.
  3333 | Temple   | Entered the Ecumenical Temple
  3366 | Temple   | Became a worshipper of Dithmenos the Shadowed
  3520 | D:4      | Reached skill level 5 in Ranged Weapons
  3520 | D:4      | Reached skill level 7 in Stealth
  3520 | D:4      | Reached XP level 7. HP: 35/35 MP: 6/10
  3604 | D:4      | Learned a level 3 spell: Portal Projectile
  3896 | D:4      | Found Alix's Firing Range.
  4195 | D:5      | Entered Level 5 of the Dungeon
  4200 | D:5      | Noticed Dowan
  4200 | D:5      | Noticed Duvessa
  4319 | D:5      | Reached skill level 1 in Translocations
  4448 | D:5      | Slain by Duvessa

Illustrated notes

Levels and vault maps discovered:
D:1:      evilmike_arrival_rings, layout_rooms,
          nicolae_ecumenical_snake_handling
D:2:      layout_loops_ring, serial_shops, nicolae_lakefront_shop,
          minmay_hexomino_c4
D:3:      layout_basic, gammafunk_ghost_split, chequers_big_river, uniq_jessica
D:4:      layout_basic, lemuel_temple_firewalk_b, chequers_ossuary_entry_cave,
          nicolae_shop_firing_range
D:5:      layout_basic, minmay_misc_feat_iff, cheibrodos_gnoll_hut, uniq_duvessa
Temple:   bh_familiar_temple

Skill      XL: |  1  2  3  4  5  6  7 |
---------------+----------------------+-----
Stealth        | 1 2 3 4 5 7 |  7.7
Fighting       | 1 2 |  2.9
Hexes          | 4 |  4.0
Ranged Weapons | 3 4 5 |  5.4
Translocations | 1 |  1.8
Dodging        | |  2.6
Spellcasting   | |  1.3

Action                   |  1- 3 |  4- 6 |  7- 9 || total
-------------------------+-------+-------+-------++-------
 Fire: Sling             |   126 |   135 |       ||   261
       Shortbow          |       |   150 |    63 ||   213
 Cast: Slow              |    27 |    21 |     9 ||    57
  Use: Scroll            |     4 |     1 |       ||     5
       Potion            |       |     1 |       ||     1
Armor: Robe              |    10 |     4 |     8 ||    22
Dodge: Dodged            |    43 |    75 |    29 ||   147
